Map: Odyssey LE

Players

Miszu - Winner!

  • Race: Terran Terran
  • League: Master
  • Spawn Location: 11:00

MinatoehFan

  • Race: Zerg Zerg
  • League: Master
  • Spawn Location: 5:00

VOD

Have the link to the VOD?

Description

Time

  • Played on: Dec. 12, 2017, 3:48 p.m.
  • Length: 38:18
Show
View Real Time Build Order
Export as new Build Order

Miszu Terran - Winner!

Build Orders: Reaper Expand 

Get SALT Encoding   

  12  0:01  SCV  
  13  0:13  SCV  
  14  0:21  Supply Depot  
  14  0:25  SCV  
  15  0:42  SCV  
  16  0:43  Barracks  
  16  0:48  Refinery  
  16  0:54  SCV  
  17  1:06  SCV  
  18  1:19  SCV  
  19  1:31  Reaper, Orbital Command  
  20  1:41  Command Center  
  20  1:56  SCV, Supply Depot  
  21  2:01  Refinery  
  21  2:03  Marine  
  22  2:11  Factory  
  22  2:12  SCV  
  23  2:24  SCV  
  23  2:26  Barracks Reactor  
  24  2:36  SCV  
  24  2:48  SCV  
  25  2:55  Starport  
  25  2:57  Orbital Command  
  25  3:01  SCV  
  26  3:07  Hellion x2  
  26  3:09  Barracks Tech Lab  
  30  3:13  SCV  
  31  3:23  SCV  
  31  3:25  SCV  
  33  3:35  SCV  
  33  3:37  SCV  
  34  3:44  Fusion Core  
  34  3:46  Refinery  
  34  3:47  SCV  
  34  3:48  Refinery  
  35  3:49  Hellion, SCV  
  35  3:50  Hellion, Supply Depot  
  35  3:54  Starport  
  40  3:59  SCV  
  40  4:01  SCV  
  42  4:11  SCV  
  42  4:16  SCV  
  44  4:23  SCV  
  45  4:27  Supply Depot  
  45  4:29  SCV  
  45  4:30  Battlecruiser  
  45  4:31  Starport Tech Lab  
  52  4:35  SCV  
  53  4:41  SCV  
  54  4:49  SCV  
  54  4:50  Supply Depot  
  54  4:52  Battlecruiser  
  61  4:55  SCV  
  62  5:02  Supply Depot  
  62  5:06  Weapon Refit  
  62  5:12  SCV x2  
  62  5:13  Supply Depot  
  64  5:24  SCV x2  
  66  5:35  Supply Depot  
  66  5:36  SCV x2  
  66  5:38  Command Center  
  66  5:41  Supply Depot  
  68  5:48  SCV  
  69  5:57  Battlecruiser  
  75  6:16  Battlecruiser  
  75  6:17  SCV x2  
  77  6:25  Engineering Bay  
  77  6:29  SCV x2  
  78  6:37  Hellion x2  
  82  6:45  Command Center  
  82  6:46  Command Center  
  82  6:54  Armory  
  82  6:55  SCV  
  82  6:56  SCV, Armory  
  84  7:01  Battlecruiser  
  88  7:16  SCV x2  
  88  7:20  Battlecruiser  
  96  7:28  SCV x2  
  98  7:32  Supply Depot  
  98  7:34  Supply Depot x2  
  99  7:44  SCV  
  99  7:45  SCV  
  99  7:46  Terran Vehicle And Ship Armor Level 1  
  99  7:47  Terran Ship Weapons Level 1  
  100  7:56  SCV  
  100  7:57  SCV  
  102  8:08  Battlecruiser  
  108  8:13  SCV  
  108  8:14  SCV  
  110  8:37  SCV, Battlecruiser  
  110  8:38  SCV  
  118  8:42  Refinery  
  118  8:43  Refinery  
  117  8:49  SCV  
  117  8:52  Refinery  
  117  8:54  Refinery  
  117  9:00  Starport  
  117  9:03  Planetary Fortress  
  117  9:14  Planetary Fortress, SCV x2  
  119  9:21  Missile Turret  
  119  9:22  Missile Turret x2  
  119  9:25  Missile Turret  
  119  9:26  SCV x2  
  119  9:28  Command Center  
  121  9:33  Battlecruiser  
  121  9:38  SCV  
  128  9:41  SCV x2  
  130  9:49  Battlecruiser  
  130  9:50  SCV  
  130  9:52  SCV  
  138  9:53  SCV  
  138  9:58  Missile Turret  
  139  10:01  SCV  
  139  10:06  Terran Vehicle And Ship Armor Level 2  
  140  10:07  Terran Ship Weapons Level 2  
  140  10:08  Starport Tech Lab  
  140  10:09  Missile Turret  
  140  10:10  Missile Turret, SCV  
  141  10:20  Missile Turret  
  123  10:37  Battlecruiser  
  123  10:38  SCV x2, Battlecruiser  
  123  10:39  SCV x2  
  139  10:50  SCV x2  
  141  10:58  Command Center  
  141  10:59  Battlecruiser  
  147  11:13  Starport  
  147  11:15  Command Center  
  147  11:21  Planetary Fortress  
  147  11:33  Refinery  
  147  11:34  Starport  
  147  11:35  Missile Turret  
  147  11:36  Missile Turret  
  147  11:39  Missile Turret  
  141  11:40  Missile Turret  
  141  11:41  Refinery, Battlecruiser  
  147  11:54  Battlecruiser  
  147  11:55  Starport Tech Lab  
  147  12:01  Starport  
  153  12:03  Battlecruiser  
  159  12:10  Command Center  
  159  12:13  Supply Depot x2  
  159  12:14  Supply Depot  
  159  12:17  Orbital Command  
  159  12:23  Starport Tech Lab  
  159  12:25  Terran Ship Weapons Level 3  
  159  12:28  Terran Vehicle And Ship Armor Level 3  
  159  12:31  Orbital Command  
  159  12:51  Command Center  
  159  12:52  Battlecruiser  
  159  12:53  Battlecruiser  
  159  12:56  Battlecruiser  
  177  13:06  Battlecruiser  
  177  13:25  Battlecruiser  
  183  13:33  Missile Turret  
  183  13:35  Hi-Sec Auto Tracking  
  183  13:42  Missile Turret  
  183  13:47  Missile Turret  
  183  13:49  Command Center  
  183  13:57  Battlecruiser x2  
  195  14:08  Missile Turret  
  195  14:17  Hellion x5  
  195  14:35  Refinery  
  195  14:37  Refinery  
  195  14:38  Missile Turret  
  195  14:39  Refinery  
  195  14:40  Missile Turret  
  195  14:41  Missile Turret  
  177  14:56  Battlecruiser x2  
  177  14:57  Battlecruiser  
  177  14:58  Missile Turret  
  189  15:01  Missile Turret, Battlecruiser  
  193  15:07  Battlecruiser  
  191  15:32  Missile Turret  
  191  15:38  Enhanced Munitions  
  185  15:51  Command Center  
  183  16:00  Battlecruiser  
  183  16:01  Raven, Battlecruiser  
  197  16:05  Raven  
  199  16:22  Planetary Fortress  
  199  16:34  Missile Turret  
  199  16:35  Missile Turret x2  
  199  16:39  Missile Turret  
  199  16:43  Refinery  
  180  17:40  Raven x5  
  190  17:56  Corvid Reactor  
  190  18:23  Raven x2  
  200  18:37  Raven  
  200  18:41  Raven  
  196  18:44  Starport Tech Lab  
  196  18:45  Raven  
  200  18:53  Command Center  
  200  19:13  Orbital Command  
  200  19:15  Command Center  
  200  19:17  Command Center  
  200  19:19  Command Center x2  
  200  19:20  Command Center x2  
  200  20:18  Missile Turret  
  200  20:19  Missile Turret  
  199  20:21  Refinery  
  199  20:40  Missile Turret  
  192  21:03  Orbital Command x6  
  188  21:16  Raven x6  
  199  21:19  Refinery  
  196  21:40  Refinery  
  196  22:01  Raven  
  196  22:02  Raven  
  196  22:18  Raven x2  
  188  22:49  Battlecruiser x2  
  188  22:50  Battlecruiser  
  162  23:13  Battlecruiser x3  
  174  23:53  Command Center  
  174  23:54  Battlecruiser x3  
  192  23:58  Command Center  
  192  24:17  Command Center, Battlecruiser  
  185  24:42  Missile Turret  
  185  24:58  Battlecruiser x2  
  152  25:20  Battlecruiser x3  
  162  25:26  Battlecruiser  
  168  25:32  Orbital Command  
  168  25:59  Factory  
  168  26:00  Factory  
  168  26:02  Battlecruiser x2  
  168  26:03  Factory  
  174  26:24  Raven  
  176  26:33  Planetary Fortress  
  176  26:40  Refinery  
  176  26:41  Refinery  
  176  26:43  Refinery  
  176  26:49  Factory Tech Lab, Factory Reactor  
  176  27:06  SCV  
  176  27:07  SCV x3  
  179  27:12  Hellion x2  
  179  27:13  Factory Reactor  
  182  27:17  Hellion  
  182  27:20  Refinery  
  184  27:30  Refinery  
  184  27:34  Hellion x2, Terran Vehicle Weapons Level 1  
  184  27:35  Hellion x2  
  192  27:39  Hellion  
  192  27:52  Command Center  
  192  27:54  Hellion x2  
  192  27:55  Hellion x2  
  192  27:58  Infernal Pre-Igniter  
  195  28:46  Hellion x7  
  161  29:20  Hellion  
  161  29:21  Hellion x6  
  171  29:35  Raven  
  171  29:36  Raven x3  
  179  29:42  Hellion x7  
  193  30:03  Hellion x3  
  199  30:15  Refinery  
  199  30:18  Terran Vehicle Weapons Level 2  
  195  30:57  Raven  
  197  31:20  Command Center  
  197  31:37  Hellion  
  199  31:47  Refinery  
  199  31:49  Orbital Command, Refinery  
  199  31:53  Hellion  
  198  32:14  Refinery  
  198  32:21  Refinery  
  198  32:26  Hellion  
  198  33:22  Raven  
  130  34:27  Hellion  
  120  34:37  Hellion x6  
  120  34:38  Battlecruiser x5  
  130  34:48  Hellion  
  122  34:58  Hellion  
  122  34:59  Hellion x5  
  134  35:00  Command Center  
  122  35:10  Hellion  
  122  35:14  Refinery x2  
  112  35:20  Hellion x6  
  124  35:31  Hellion  
  120  35:40  SCV x4  
  120  35:41  Hellion x4, SCV x3  
  120  35:42  Hellion x2, SCV x2  
  141  35:46  Battlecruiser x3  
  165  35:50  Raven x2  
  165  35:52  Hellion  
  163  36:03  Hellion x6  
  175  36:14  Hellion  
  175  36:24  Hellion x6  
  179  36:35  Hellion  
  173  36:45  Hellion  
  173  36:46  Hellion x5  
  173  36:57  Hellion  
  171  37:07  Hellion x6  
  179  37:10  Hellion x16  
  175  37:18  Hellion  
  173  37:28  Hellion x4  
  199  37:33  Refinery  
Show
View Real Time Build Order
Export as new Build Order

MinatoehFan Zerg 

Build Orders: Hatch First 

Get SALT Encoding   

  12  0:01  Drone  
  13  0:12  Overlord  
  13  0:18  Drone  
  14  0:31  Drone x2  
  14  0:35  Drone  
  17  0:53  Hatchery  
  17  0:56  Drone  
  17  0:59  Drone  
  18  1:10  Extractor  
  17  1:15  Spawning Pool  
  17  1:17  Drone  
  17  1:20  Drone  
  18  1:29  Drone  
  19  1:40  Overlord  
  19  1:57  Drone  
  20  2:03  Queen  
  20  2:05  Queen  
  20  2:06  Zergling x4  
  26  2:10  Metabolic Boost  
  26  2:15  Drone  
  26  2:19  Drone  
  26  2:22  Drone  
  29  2:28  Drone  
  29  2:37  Drone  
  29  2:40  Drone  
  31  2:55  Drone x3  
  31  2:57  Hatchery  
  33  2:58  Queen  
  35  3:07  Drone  
  35  3:11  Overlord  
  36  3:17  Overlord  
  36  3:22  Overlord  
  36  3:29  Queen  
  36  3:33  Drone x5  
  36  3:34  Drone  
  44  3:40  Queen  
  44  3:44  Overlord  
  44  3:45  Drone  
  45  3:50  Evolution Chamber  
  45  3:51  Evolution Chamber  
  45  3:53  Drone  
  44  4:02  Zergling x2  
  45  4:04  Queen  
  45  4:07  Zergling x4  
  49  4:10  Zergling x2, Queen  
  49  4:11  Zergling x4  
  49  4:13  Zergling x2  
  55  4:18  Queen  
  55  4:22  Drone x2  
  55  4:23  Zergling x2  
  60  4:34  Zergling x4  
  60  4:35  Zergling x2  
  63  4:39  Drone  
  63  4:40  Extractor, Drone x2  
  63  4:41  Drone x2  
  63  4:42  Drone  
  68  4:50  Queen  
  70  4:54  Drone  
  70  4:55  Drone x2  
  70  4:57  Overlord x2  
  70  4:59  Spore Crawler  
  72  5:01  Spore Crawler  
  72  5:02  Spore Crawler  
  72  5:03  Drone  
  72  5:06  Zergling x2  
  72  5:07  Zergling x2  
  73  5:12  Baneling Nest, Drone  
  73  5:15  Drone x2  
  73  5:16  Drone  
  73  5:19  Drone x2  
  73  5:21  Drone  
  79  5:39  Zerg Ground Armor Level 1, Zerg Melee Weapons Level 1  
  79  5:40  Drone  
  79  5:41  Drone x7  
  79  5:42  Drone  
  88  5:46  Overlord x2  
  88  5:52  Queen  
  88  5:55  Overlord x2  
  88  5:58  Drone  
  88  5:59  Drone x2  
  88  6:06  Queen, Spore Crawler  
  88  6:10  Drone x2  
  88  6:11  Drone  
  85  6:17  Drone x4  
  88  6:19  Drone  
  90  6:32  Drone  
  90  6:33  Drone x4  
  93  6:44  Lair  
  93  6:46  Extractor  
  92  6:48  Extractor  
  92  6:53  Drone  
  86  7:10  Extractor  
  86  7:12  Extractor  
  86  7:13  Overlord x2  
  84  7:21  Drone x3, Hatchery  
  84  7:23  Spore Crawler  
  84  7:26  Drone x2  
  84  7:29  Spore Crawler  
  83  7:31  Drone x2  
  83  7:34  Spore Crawler  
  84  7:38  Drone x4  
  84  7:39  Drone x3  
  84  7:44  Drone x2  
  93  7:46  Overlord x3, Spire  
  93  7:47  Queen  
  92  7:52  Zerg Ground Armor Level 2, Zerg Missile Weapons Level 1  
  92  8:04  Overlord x2  
  91  8:12  Overlord  
  91  8:13  Overlord  
  91  8:16  Overlord x2  
  89  8:35  Queen x3  
  89  8:45  Spore Crawler  
  89  8:46  Drone x2  
  89  8:47  Spore Crawler  
  89  8:58  Corruptor x4  
  89  8:59  Corruptor x8  
  113  9:03  Corruptor  
  113  9:09  Zerg Flyer Weapons Level 1  
  114  9:11  Hatchery  
  114  9:13  Corruptor  
  114  9:16  Drone  
  114  9:17  Drone x3  
  119  9:29  Corruptor x2  
  123  9:34  Corruptor, Spore Crawler  
  124  9:39  Corruptor  
  124  9:43  Corruptor  
  125  9:50  Drone x5  
  130  9:54  Corruptor  
  130  9:58  Drone  
  133  10:01  Hydralisk Den  
  133  10:06  Corruptor  
  134  10:07  Extractor x2  
  134  10:10  Corruptor  
  134  10:21  Corruptor x2  
  134  10:27  Corruptor  
  126  10:35  Corruptor  
  122  10:37  Drone  
  122  10:38  Drone x4  
  127  10:43  Corruptor  
  127  10:47  Hydralisk  
  127  10:48  Hydralisk x2  
  135  10:53  Zerg Missile Weapons Level 2, Hatchery  
  134  11:01  Muscular Augments  
  134  11:06  Queen  
  134  11:08  Spore Crawler  
  134  11:09  Hydralisk x2, Drone x3  
  134  11:10  Hydralisk, Spore Crawler  
  143  11:12  Spore Crawler  
  143  11:13  Corruptor  
  143  11:17  Hydralisk x2  
  148  11:22  Zergling x2  
  149  11:27  Corruptor x2  
  153  11:33  Zerg Flyer Weapons Level 2  
  149  11:45  Corruptor x2  
  139  11:49  Queen x4  
  147  11:56  Infestation Pit, Drone x6  
  147  11:57  Drone x3  
  147  12:00  Corruptor x2  
  159  12:11  Corruptor x3  
  165  12:23  Corruptor x2  
  165  12:25  Overlord, Spore Crawler  
  165  12:26  Extractor, Spore Crawler  
  165  12:28  Spore Crawler  
  165  12:29  Hydralisk x2  
  167  12:30  Spore Crawler x2  
  167  12:32  Spore Crawler  
  167  12:33  Extractor  
  165  12:37  Hive  
  165  12:42  Corruptor x2  
  165  12:44  Hydralisk  
  171  12:55  Hydralisk x5  
  181  13:02  Hydralisk x3  
  187  13:06  Overlord x3  
  187  13:07  Corruptor  
  187  13:12  Corruptor x2  
  189  13:17  Corruptor  
  193  13:22  Corruptor  
  193  13:25  Corruptor  
  177  13:28  Drone x3  
  177  13:29  Drone x2  
  182  13:42  Corruptor x4  
  190  13:52  Corruptor x3  
  196  13:56  Corruptor  
  198  14:02  Corruptor  
  198  14:06  Zerg Flyer Weapons Level 3  
  200  14:30  Hatchery  
  198  14:31  Burrow  
  198  14:33  Pathogen Glands, Spore Crawler x2  
  198  14:35  Zerg Ground Armor Level 3  
  182  14:49  Corruptor x4  
  172  15:06  Infestor x3  
  176  15:09  Infestor  
  169  15:14  Infestor  
  169  15:24  Drone x3  
  170  15:29  Neural Parasite  
  170  15:32  Infestor x3  
  176  15:38  Infestor  
  176  15:40  Overlord  
  176  15:41  Overlord  
  178  15:59  Infestor x2  
  178  16:00  Infestor  
  184  16:05  Overlord x2  
  184  16:07  Infestor x2  
  188  16:15  Infestor  
  189  16:19  Extractor  
  189  16:21  Corruptor, Extractor  
  189  16:22  Corruptor  
  189  16:24  Extractor  
  190  16:43  Zerg Flyer Armor Level 1  
  190  16:44  Drone  
  190  16:45  Drone x5  
  190  16:46  Drone x3  
  185  17:27  Corruptor x5  
  185  17:28  Corruptor x5  
  183  17:37  Infestor x3  
  183  17:38  Infestor x4  
  183  17:43  Drone x2  
  199  18:35  Spore Crawler  
  199  18:36  Spore Crawler  
  199  18:39  Spore Crawler  
  199  18:41  Spore Crawler  
  195  18:42  Infestor x2, Spore Crawler  
  195  18:45  Drone  
  199  19:28  Hatchery  
  199  19:30  Spore Crawler x2  
  196  19:32  Hydralisk  
  196  19:34  Drone  
  197  20:23  Hydralisk  
  199  20:29  Zerg Flyer Armor Level 2  
  199  20:31  Zerg Missile Weapons Level 3  
  199  22:28  Spore Crawler  
  199  22:29  Spore Crawler x2  
  184  22:43  Hydralisk x7  
  198  22:48  Infestor  
  198  22:49  Infestor x3  
  180  22:51  Hydralisk x4  
  180  22:52  Hydralisk x7  
  180  22:53  Hydralisk x3  
  190  22:58  Hydralisk x2  
  190  22:59  Hydralisk x2  
  196  23:20  Overlord x2  
  196  23:26  Infestor x2  
  196  23:27  Infestor  
  196  23:34  Zerg Melee Weapons Level 2  
  198  23:48  Drone  
  199  24:22  Extractor  
  198  24:49  Drone  
  195  25:00  Hydralisk x4, Spore Crawler x2  
  195  25:01  Spore Crawler  
  195  25:05  Hatchery  
  195  25:06  Extractor  
  195  25:07  Hydralisk x13  
  164  25:08  Extractor, Hydralisk x5  
  161  25:19  Infestor x11  
  169  25:21  Hydralisk  
  171  25:37  Infestor x6  
  171  25:39  Hydralisk x3  
  171  25:40  Hydralisk x2  
  193  25:53  Drone x3  
  196  25:57  Spore Crawler  
  196  26:00  Hydralisk, Spore Crawler  
  196  26:01  Spore Crawler x3, Hydralisk x3  
  199  26:45  Spore Crawler  
  198  26:57  Drone  
  199  27:21  Extractor  
  198  27:22  Hatchery  
  198  27:23  Extractor  
  198  27:27  Hydralisk x2  
  198  28:22  Spine Crawler  
  198  28:24  Spine Crawler x2  
  198  28:25  Spine Crawler  
  198  28:26  Zerg Melee Weapons Level 3  
  186  28:29  Drone x3  
  186  28:30  Drone x6  
  189  28:36  Drone x5  
  191  28:44  Drone x4  
  191  28:45  Infestor x2  
  191  28:47  Drone  
  188  29:06  Spine Crawler  
  159  29:13  Infestor x2, Hydralisk  
  159  29:14  Hydralisk x16  
  159  29:15  Hydralisk x7  
  167  29:21  Infestor  
  167  29:22  Infestor x3  
  125  29:31  Hydralisk x7  
  123  29:32  Hydralisk x2  
  139  29:46  Infestor x3  
  139  29:47  Infestor x5  
  139  29:50  Hydralisk x4  
  139  29:51  Hydralisk x4  
  169  29:59  Drone x3  
  163  30:00  Drone x3  
  163  30:02  Infestor x2, Spore Crawler  
  155  30:11  Infestor x7  
  155  30:12  Infestor x5  
  174  30:16  Hydralisk  
  173  30:22  Infestor x3  
  173  30:23  Hydralisk x3  
  173  30:24  Hydralisk  
  183  30:41  Hydralisk  
  183  30:42  Hydralisk x5  
  185  30:43  Hydralisk  
  185  30:44  Hydralisk  
  185  30:48  Drone  
  185  30:49  Hydralisk, Drone  
  197  30:52  Drone  
  196  31:10  Hydralisk x2  
  200  31:59  Spine Crawler  
  200  32:01  Spine Crawler x2  
  197  32:11  Hydralisk  
  199  32:18  Spine Crawler  
  199  32:21  Spine Crawler, Hydralisk x2  
  199  32:22  Spine Crawler  
  200  32:23  Spine Crawler  
  200  32:28  Spine Crawler, Hydralisk  
  200  32:32  Spore Crawler  
  200  32:34  Spore Crawler x2  
  197  32:38  Hydralisk  
  199  32:44  Spore Crawler, Hydralisk  
  200  32:57  Zerg Flyer Armor Level 3  
  194  34:14  Hydralisk  
  194  34:15  Hydralisk x14  
  128  34:33  Hydralisk x11  
  128  34:34  Hydralisk x13  
  134  34:48  Hydralisk  
  118  35:03  Hydralisk x2  
  112  35:17  Hydralisk  
  94  35:27  Hydralisk  
  84  35:39  Hydralisk x2  
  88  36:10  Hydralisk x3  
  94  36:19  Hydralisk  
  96  36:28  Spine Crawler  
  96  36:30  Spine Crawler  
  92  36:34  Spine Crawler  
  92  36:36  Spine Crawler  
  42  36:48  Zergling x22  
  42  36:49  Zergling x30  
  64  36:59  Zergling x2  
  65  37:07  Hydralisk x3  
  69  37:14  Hydralisk x2  
  69  37:15  Hydralisk  
  63  37:20  Overseer  
  47  37:24  Zergling x2  
  47  37:25  Zergling x30  
  63  37:35  Hydralisk  
  63  37:38  Hydralisk x2  
Tags
 
Add a new tag
Caveats
  • Supply blocks, unpowered buildings, or Contaminate may cause inaccurate times.
  • Supply counts are checked every 10 seconds.